[Event "*** SCC Grand Prix: Titled Tuesday Blitz"]
[Site "Chess.com"]
[Date "2020.07.14"]
[Round "3"]
[White "rpragchess"]
[Black "Carnivoras"]
[Result "0-1"]
[WhiteElo "2798"]
[BlackElo "2612"]
[TimeControl "180+1"]
[EndTime "10:30:06 PDT"]
[Termination "Carnivoras won by resignation"]

1. d4 d5 2. Bf4 Nf6 3. e3 Bf5 4.
Nf3 e6 5. c4 c6 6. Qb3 Qc8 7. Nc3 Nbd7 8. Be2 Be7 9. h3 O-O 10.
O-O h6 11. Rac1 Ne4 12. Nxe4 Bxe4 13. Nd2 Bg6 14. Bf3 Nf6 15. Rfe1 Qd7 16. Qa4 Rfd8 17.
Bg3 Bd6 18. Bxd6 Qxd6 19. b4 a6 20. Qa5 e5 21. dxe5 Qxe5 22. cxd5 cxd5 23. Nc4 Qe6 24.
Nb6 Rab8 25. Red1 Be4 26. Bxe4 dxe4 27. a4 Rxd1+ 28. Rxd1 Re8 29. Qc5 Qb3 30. Rd2 Qb1+ 31. Kh2 Qe1 32. Qd4 Kh7 33. Rc2 Re7 34. Qd8 Re6 35. Qd4 Qb1 36. Rc8 Qe1 37. Rc2 Qb1 38.
Qd2 Rxb6 39. Rc8 Qxb4 40. Qc2 Qd6+ 41. g3 Rc6 42. Rxc6 Qxc6 43. Qb3 Qd5 44. Qb6 Qc6 45.
Qd8 Qxa4 46. g4 Qd7 47. Qb6 Qc6 48. Qd8 Ne8 49. Kg2 b5 50. h4 b4 51. Qb8 Qb5 52. Qf4 Qd5 53. Qb8 Qe6 54. g5 hxg5 55. hxg5 b3 56.
Qh2+ Kg8 57. Qb8 a5 58. Qb5 g6 59. Qxa5 b2 60. Qb5 Nd6 61. Qb8+ Kh7 62. Qxb2 Qg4+ 63. Kf1 Qxg5 64. Qb8 Nf5 65. Qh2+ Kg7 66. Qe5+ Qf6 67. Qc5 Nh4 68. Qb6 Qxb6 0-1

[Event "*** SCC Grand Prix: Titled Tuesday Blitz"]
[Site "Chess.com"]
[Date "2020.07.14"]
[Round "3"]
[White "Brave_spirit12"]
[Black "JuliaEfremova"]
[Result "1/2-1/2"]
[WhiteElo "2487"]
[BlackElo "2303"]
[TimeControl "180+1"]
[EndTime "10:30:09 PDT"]
[Termination "Game drawn by repetition"]

1. e4 d5 2. exd5 Qxd5 3. Nc3 Qa5 4. d4 Nf6 5. Nf3 Bg4 6. Bc4 Nc6 7. O-O O-O-O 8. Be3 e5 9. d5 e4 10. Qe1 Nb4 11. Nd4 Nbxd5 12. Bxd5 Nxd5 13. Nxe4 Qa6 14. c4 Nxe3 15. Qxe3 Qxc4 16. Nb3 Re8 17. f3 Bf5 18. Qxa7 Bxe4 19. fxe4 Qa6 20. Qd4 f6 21. Rac1 Bd6 22. Rfd1 Be5 23. Qd7+ Kb8 24. Nc5 Qb6 25.
Rd3 Bd6 26. b4 Qxb4 27. Rxd6 cxd6 28. Qxd6+ Ka8 29. Qd7 Rc8 30. Qxg7 Rhg8 31. Qf7 Rgf8 32. Qe7 Rfe8 33. Qf7 Red8 34. Qe7 Qb6 35. h3 Re8 36. Qd7 Rcd8 37. Qa4+ Kb8 38. Kh2 Qd6+ 39. Kh1 Qb6 40. Nd7+ Rxd7 41. Qxd7 Re6 42. Qc8+ Ka7 43. Qc4 Rc6 44. Qf1 Kb8 45. Rxc6 Qxc6 46. Qf4+ Ka8 47. Kh2 Ka7 48. Kg3 Ka8 49. Kg4 Qe6+ 50. Qf5 Qxa2 51. Qxf6 Qxg2+ 52. Kf5 Qxh3+ 53. Ke5 Qc3+ 54. Ke6 Qc6+ 55.
Kf5 Qc5+ 56. e5 Qc2+ 57. Ke6 h5 58. Qd8+ Ka7 59. Kf7 Qf5+ 60. Qf6 Qd3 61. e6 Qc4 62. Kf8 Qc8+ 63. Kf7 Qc4 64. Ke7 Qc7+ 65. Kf8 Qc8+ 66. Kf7 Qc4 1/2-1/2

[Event "*** SCC Grand Prix: Titled Tuesday Blitz"]
[Site "Chess.com"]
[Date "2020.07.14"]
[Round "3"]
[White "Olga_Zhuravleva"]
[Black "Lenyas66"]
[Result "0-1"]
[WhiteElo "2302"]
[BlackElo "2497"]
[TimeControl "180+1"]
[EndTime "10:30:10 PDT"]
[Termination "Lenyas66 won by checkmate"]

1. e4 c5 2. Nf3 e6 3. d4 cxd4 4. Nxd4 Nc6 5. Nc3 a6 6. f4 Nge7 7. Nb3 b5 8. a3 d5 9. e5 Nf5 10. Bd3 Qh4+ 11. Kf1 Ng3+ 12. Kg1 Nxh1 13. Kxh1 Qd8 14. Qf3 Bb7 15. Qg3 b4 16. axb4 Nxb4 17.
Be3 Rc8 18. h3 g6 19. Rf1 Be7 20. Nd4 Nxd3 21. cxd3 Qd7 22. Nf3 a5 23. d4 Ba6 24. Ra1 Qc7 25. f5 gxf5 26. Qg7 Rf8 27. Bh6 Qb6 28. Na4 Qb4 29. Ng5 Rc2 30. Nxh7 Bd3 31.
Nxf8 Bxf8 32. Qxf8+ Qxf8 33. Bxf8 Kxf8 34. Nc5 Be4 35.
Nxe4 fxe4 36. Rxa5 Rxb2 37. Kg1 Rb4 38. Ra8+ Kg7 39.
Kf2 Rxd4 40. Ke2 Rb4 41. Ra2 d4 42. h4 Rb3 43. Ra4 Rb2+ 44. Ke1 Rxg2 45. Rxd4 Rg4 46. h5 Kh6 47. Kf2 Kxh5 48. Ke3 Kg5 49. Rd7 Rf4 50.
Rd8 Rf1 51. Rg8+ Kf5 52. Ra8 Kxe5 53. Ra5+ Kf6 54. Kxe4 Re1+ 55. Kf3 Kg6 56. Kf2 Rb1 57.
Kf3 f5 58. Kf4 Kf6 59. Ra6 Rb4+ 60. Ke3 Re4+ 61. Kf3 Kg5 62. Ra5 Rh4 63. Re5 Kf6 64.
Ra5 e5 65. Ra6+ Kg5 66. Kg3 Rg4+ 67. Kf3 e4+ 68. Ke3 Rg3+ 69. Kf2 Kf4 70. Rf6 Rb3 71. Ke2 Rb2+ 72. Ke1 Kg4 73. Kf1 f4 74. Rg6+ Kf3 75.
Kg1 Rb1+ 76. Kh2 e3 77. Rf6 e2 78. Re6 e1=Q 79. Rxe1 Rxe1 80. Kh3 Rh1# 0-1

[Event "*** SCC Grand Prix: Titled Tuesday Blitz"]
[Site "Chess.com"]
[Date "2020.07.14"]
[Round "3"]
[White "Indianlad"]
[Black "jacky72"]
[Result "1-0"]
[WhiteElo "2947"]
[BlackElo "2656"]
[TimeControl "180+1"]
[EndTime "10:30:11 PDT"]
[Termination "Indianlad won by checkmate"]

1. e4 e5 2. Nf3 Nc6 3. Bb5 a6 4. Ba4 d6 5. O-O Bd7 6. c3 g6 7.
d4 Bg7 8. Re1 Nf6 9. h3 O-O 10.
a3 Re8 11. Bc2 Qe7 12. Nbd2 Qf8 13. Nf1 Bh6 14. Ng3 Rad8 15. Be3 Bc8 16. Qd2 Bxe3 17.
fxe3 Qh6 18. Qf2 Nh5 19. Nxh5 Qxh5 20. Rf1 Rf8 21. Qg3 Kh8 22. Bb3 f6 23. Rf2 Rde8 24.
Raf1 exd4 25. exd4 Kg7 26. Bc2 d5 27. exd5 Qxd5 28.
Qxc7+ Qd7 29. Qf4 Ne7 30. Ne5 Qd5 31. Nd3 Nf5 32. Nb4 Qd6 33. Bxf5 Qxf4 34. Rxf4 Bxf5 35. Nd5 Re2 36. R4f2 Rxf2 37. Kxf2 Be4 38. Nf4 Kf7 39. c4 f5 40. b3 Rd8 41. d5 Bc2 42. Ne6 Rc8 43.
Nd4 Be4 44. g4 Kf6 45. gxf5 gxf5 46. Ke3 b5 47. Rc1 Ke5 48. Nf3+ Kd6 49. Nd4 bxc4 50. Rxc4 Rxc4 51. bxc4 Kc5 52. Nf3 Kxc4 53. d6 Bc6 54. Ne5+ Kd5 55. d7 Bxd7 56. Nxd7 Kc4 57. Kf4 a5 58.
Kxf5 Kb3 59. Nb6 Kxa3 60. Nc4+ Kb4 61. Nxa5 Kxa5 62. Kg5 Kb5 63. Kh6 Kc5 64. Kxh7 Kd6 65. h4 Ke6 66. Kg6 Ke7 67. Kg7 Ke6 68. h5 Kf5 69. h6 Kg5 70. h7 Kf5 71. h8=Q Ke6 72. Qf8 Kd7 73. Kf6 Kc6 74. Qe7 Kb6 75. Ke5 Ka6 76. Qb4 Ka7 77. Kd6 Ka8 78. Kc7 Ka7 79.
Qa3# 1-0

[Event "*** SCC Grand Prix: Titled Tuesday Blitz"]
[Site "Chess.com"]
[Date "2020.07.14"]
[Round "3"]
[White "Siniauski"]
[Black "TST2014"]
[Result "1-0"]
[WhiteElo "2455"]
[BlackElo "2499"]
[TimeControl "180+1"]
[EndTime "10:30:11 PDT"]
[Termination "Siniauski won on time"]

1. e4 c5 2. Nf3 Nc6 3. Bb5 g6 4.
Bxc6 dxc6 5. d3 Bg7 6. h3 Nf6 7. Nc3 Nd7 8. Be3 e5 9. Qd2 h6 10. O-O b6 11. Nh2 Nf8 12. f4 exf4 13. Bxf4 Ne6 14. Be3 Nd4 15. Rae1 Be6 16. e5 Bxe5 17.
Ng4 Bg7 18. Bxh6 Bxh6 19. Nxh6 Rh7 20. Ne4 f5 21. Ng5 Re7 22. c3 Bxa2 23. cxd4 Qxd4+ 24. Kh1 Rxe1 25. Rxe1+ Kd7 26. Nhf7 Bd5 27. Ne5+ Kc7 28. Nef3 Qf6 29. Qe2 Bxf3 30. Nxf3 Rd8 31. Qe7+ Qxe7 32. Rxe7+ Kb8 33. Ne5 Rc8 34. Rg7 a5 35. Rxg6 a4 36. Nxc6+ Kb7 37. Ne5 Rd8 38. h4 Rd5 39. Re6 Rd4 40. g3 Rb4 41. Re7+ Ka6 42. Nc4 b5 43. Re6+ Ka7 44. Re7+ Kb8 45. Nd6 Rxb2 46. Rb7+ Ka8 47. Rxb5 a3 48. Ra5+ Kb8 49. Rxa3 Kc7 50. Nxf5 Rd2 51.
Ne3 Re2 52. Nc4 Kc6 53. h5 Kd5 54. h6 Re6 55. Kg2 Rxh6 56. Kf3 Rf6+ 57. Kg2 Rg6 58. Ne3+ Kd4 59. Nc2+ Kd5 60. Rc3 Re6 61. Kf3 Rf6+ 62. Ke2 Re6+ 63. Ne3+ 1-0

[Event "*** SCC Grand Prix: Titled Tuesday Blitz"]
[Site "Chess.com"]
[Date "2020.07.14"]
[Round "3"]
[White "Ze-Pequeno"]
[Black "londonkid"]
[Result "1-0"]
[WhiteElo "2266"]
[BlackElo "2416"]
[TimeControl "180+1"]
[EndTime "10:30:12 PDT"]
[Termination "Ze-Pequeno won by checkmate"]

1. Nf3 Nf6 2. c4 e6 3. Nc3 b6 4. g3 Bb7 5. Bg2 Be7 6. O-O O-O 7. Re1 d5 8. cxd5 Nxd5 9. e4 Nxc3 10. bxc3 c5 11. d4 cxd4 12. cxd4 Nd7 13. Bb2 Nf6 14. Ne5 Rc8 15. Qb3 Nd7 16. d5 Nxe5 17.
Bxe5 Bf6 18. Bxf6 Qxf6 19. e5 Qd8 20. dxe6 Bxg2 21. exf7+ Rxf7 22. Kxg2 Qd2 23. Rf1 Rf8 24.
Rad1 Qe2 25. Qd5 h6 26. Rd2 Qg4 27. h3 Qb4 28. e6 Re7 29. Re1 Kh8 30. Re4 Qc3 31.
Rde2 Qf3+ 32. Kh2 Rfe8 33. Qd4 Qf5 34. Re5 Qf6 35. Qe3 Rf8 36. Kg2 Rfe8 37. h4 Kg8 38. Qe4 Kh8 39. Re3 Rf8 40. Rf3 Qxf3+ 41. Qxf3 Rxf3 42.
Kxf3 Kg8 43. Ke4 Kf8 44. Kd5 Ke8 45. Kd6 Kd8 46. Rf5 Ke8 47. f4 Rb7 48. h5 b5 49. Rc5 Rb6+ 50. Ke5 Ke7 51. Rc7+ Kf8 52. Rxa7 b4 53. Rf7+ Kg8 54. Rc7 b3 55. Rc8+ Kh7 56.
axb3 Rxb3 57. e7 Re3+ 58. Kd6 Rd3+ 59. Ke6 Re3+ 60. Kd7 Rd3+ 61. Kc7 Rc3+ 62. Kb7 Re3 63. e8=Q Rxe8 64. Rxe8 g5 65. Re7+ Kg8 66. f5 g4 67. f6 Kf8 68. Kc6 Kg8 69. Kd6 Kf8 70. Ke6 Kg8 71. Kf5 Kf8 72. Kg6 Kg8 73. Re8# 1-0

[Event "*** SCC Grand Prix: Titled Tuesday Blitz"]
[Site "Chess.com"]
[Date "2020.07.14"]
[Round "3"]
[White "NikolaGry"]
[Black "StockholmMissile"]
[Result "1-0"]
[WhiteElo "2641"]
[BlackElo "2460"]
[TimeControl "180+1"]
[EndTime "10:30:13 PDT"]
[Termination "NikolaGry won by resignation"]

1. b3 e5 2. Bb2 Nc6 3. c4 Nf6 4. e3 g6 5. Nf3 d6 6. d4 exd4 7.
Nxd4 Bg7 8. Nxc6 bxc6 9. Be2 O-O 10. O-O a5 11. Bf3 Bd7 12. Nc3 Qe7 13. Qc2 Rfe8 14. h3 h6 15. Rad1 Nh7 16. Qe2 Ng5 17. Rd2 Be5 18.
Rfd1 Qf6 19. Na4 Bxb2 20. Nxb2 Nxf3+ 21. Qxf3 Qxf3 22. gxf3 Bxh3 23. c5 d5 24. Rd4 Reb8 25. Rh4 Bf5 26. Rxh6 Rb5 27. Na4 Rb4 28. Kg2 Kg7 29.
Rhh1 Rd8 30. Rd2 Re8 31. Nc3 Bc8 32. Ne2 Rb5 33. Rc1 Bd7 34. Nd4 Rb4 35. Rb2 Rbb8 36.
a3 Rh8 37. Rh1 Rhe8 38. b4 axb4 39. Rxb4 Ra8 40. Rb7 Rec8 41. Rb3 Ra7 42. Rhb1 Rca8 43. Rb7 Kf6 44. Rxa7 Rxa7 45. Rb3 Ke7 46. Kf1 Ra6 47.
Ke1 Kd8 48. Kd2 Kc8 49. Kc3 Bh3 50. Kb2 Bf1 51. Rb4 Bc4 52. a4 Ra8 53. Nc2 Ra5 54. Na3 Rxc5 55. Nxc4 dxc4 56. Kc3 Rf5 57. f4 g5 58.
Rxc4 gxf4 59. Rxf4 Rxf4 60. exf4 Kb7 61. Kc4 Kb6 62. f5 c5 63. f3 Kc6 64. a5 Kd6 65. f6 Kc6 66. f4 Kb7 67. Kxc5 Ka6 68. Kc6 1-0

[Event "*** SCC Grand Prix: Titled Tuesday Blitz"]
[Site "Chess.com"]
[Date "2020.07.14"]
[Round "3"]
[White "BillCoe"]
[Black "Kotofeyca"]
[Result "1-0"]
[WhiteElo "2120"]
[BlackElo "2302"]
[TimeControl "180+1"]
[EndTime "10:30:14 PDT"]
[Termination "BillCoe won on time"]

1. e4 c5 2. Nf3 d6 3. d4 cxd4 4. Nxd4 Nf6 5. Nc3 a6 6. h3 b5 7. g4 Bb7 8. Bg2 e6 9. g5 Nfd7 10. h4 Be7 11. O-O b4 12. Nce2 Nc5 13. Ng3 Nc6 14.
Be3 Qc7 15. Qd2 Ne5 16. Qxb4 Ng4 17. Qd2 h6 18. g6 fxg6 19. b4 e5 20. bxc5 exd4 21.
Bxd4 O-O 22. Rad1 dxc5 23. Bc3 Bxh4 24. Qd7 Rf7 25. Qxc7 Rxc7 26. Ba5 Re7 27. Rd8+ Kh7 28. Rxa8 Bxa8 29. Bd8 Ne5 30. Bxe7 Bxe7 31. Rd1 g5 32. Nf5 Bf6 33. Rd6 Bb7 34. Rb6 Bc8 35. Rb8 Be6 36.
Rb6 Bc4 37. Nd6 Bxa2 38. Rxa6 Bb1 39. Ne8 Be7 40. Re6 Bf6 41. Nxf6+ gxf6 42. Rxf6 Bxc2 43. Re6 Nd3 44. Rc6 Kg7 45. Bf1 Ne5 46. Rxc5 Nf3+ 47.
Kg2 Bxe4 48. Rc7+ Kf6 49. Kg3 h5 50. Be2 h4+ 51. Kg4 Ne5+ 52. Kh3 Kf5 53. Rc5 Kf4 54. Ra5 Bc2 55. Rb5 Be4 56. Rb4 Kf5 57. f3 Bc2 58. Kg2 1-0

[Event "*** SCC Grand Prix: Titled Tuesday Blitz"]
[Site "Chess.com"]
[Date "2020.07.14"]
[Round "3"]
[White "tigra"]
[Black "timator"]
[Result "1-0"]
[WhiteElo "2821"]
[BlackElo "2598"]
[TimeControl "180+1"]
[EndTime "10:30:15 PDT"]
[Termination "tigra won by resignation"]

1. e4 c5 2. Nf3 e6 3. d4 cxd4 4. Nxd4 Nc6 5. Nc3 Qc7 6. Be2 a6 7. O-O b5 8. Be3 Nf6 9. a3 Bb7 10. Nb3 Ne5 11. Kh1 Be7 12. f3 O-O 13. Qe1 d5 14. exd5 Nxd5 15. Bd4 Rfd8 16. Nxd5 Rxd5 17. c3 Ng6 18. Bg1 Rad8 19. Rd1 Rxd1 20. Bxd1 Bd5 21. Nd4 Bf6 22. Bc2 Bc4 23. Rf2 Bxd4 24. cxd4 Ne7 25. Rd2 Bd5 26. Bf2 Rc8 27. h3 Ng6 28. Bg3 Qe7 29. Be4 Qd7 30. Kh2 Ne7 31. Bf4 h6 32. Qg3 Bxe4 33. fxe4 Ng6 34. Bd6 h5 35. Bb4 h4 36.
Qd6 Qxd6+ 37. Bxd6 f6 38. g3 Kf7 39. gxh4 Nxh4 40. Kg3 g5 41. Bc5 Ng6 42. b4 Rd8 43. Ra2 Ne7 44. a4 Nc6 45. axb5 axb5 46. Rd2 Kg6 47. d5 Ne5 48. Kf2 exd5 49. exd5 Kf5 50. Rd1 Ke4 51. Rd4+ Kf5 52. Ke3 Rd7 53. d6 Ke6 54. h4 gxh4 55. Rxh4 Rg7 56. Re4 Rg3+ 57. Kf2 Rg7 58. Ke2 Rg4 59. Re3 Rg2+ 60. Kd1 Rg4 61.
Kd2 Kd7 62. Kc2 Rg2+ 63. Kc3 Rg4 64. Re2 Rg3+ 65. Kc2 Rf3 66. Rh2 Rg3 67. Rh7+ Kc6 68. Rc7+ Kd5 69. d7 Nxd7 70. Rxd7+ Ke6 71. Rd6+ Ke5 72. Rb6 f5 73. Bd6+ 1-0

[Event "*** SCC Grand Prix: Titled Tuesday Blitz"]
[Site "Chess.com"]
[Date "2020.07.14"]
[Round "3"]
[White "keshka01"]
[Black "mortngabriel"]
[Result "1-0"]
[WhiteElo "2564"]
[BlackElo "2370"]
[TimeControl "180+1"]
[EndTime "10:30:16 PDT"]
[Termination "keshka01 won on time"]

1. e4 e5 2. Nf3 Nc6 3. Bb5 a6 4. Ba4 Nf6 5. d3 Be7 6. Bxc6 bxc6 7. Nxe5 O-O 8. O-O Bb7 9. Nf3 d5 10. e5 Nd7 11. d4 c5 12. c3 f6 13.
exf6 Nxf6 14. Nbd2 cxd4 15. Nxd4 Qd7 16. Qe2 Bc8 17.
Re1 Bd6 18. N2f3 Re8 19. Qf1 Rxe1 20. Qxe1 c5 21. Nb3 a5 22. Be3 Qc7 23. h3 a4 24.
Nbd2 a3 25. Rb1 axb2 26. Rxb2 Bf5 27. Nh4 Bd3 28. Ndf3 Ne4 29. Nf5 Bf8 30. Ng3 Bd6 31. Nxe4 dxe4 32. Nd2 Qf7 33. Nb3 Rb8 34. Qd2 Qd5 35.
Nc1 Rf8 36. Rb6 Qe5 37. g3 Bc7 38. Rb7 Ba5 39. Nxd3 Qd5 40. Rb5 exd3 41. Rxa5 Rc8 42. Rxc5 Rxc5 43. Bxc5 Qxc5 44. Qxd3 h6 45. Qd8+ Kh7 46.
Qd3+ Kg8 47. a4 Qa5 48. Qc4+ Kh7 49. Qb4 Qd5 50. a5 Qd1+ 51. Kg2 Qd5+ 52. Kh2 Qf3 53.
Qb6 Qxc3 54. a6 Qa3 55. a7 Qa2 56. Kg2 Qd5+ 57. Kg1 Qd1+ 58. Kh2 Qa4 59. h4 Qa2 60. Kg2 h5 61. Qb7 1-0

[Event "*** SCC Grand Prix: Titled Tuesday Blitz"]
[Site "Chess.com"]
[Date "2020.07.14"]
[Round "3"]
[White "Onegust"]
[Black "AnishOnYoutube"]
[Result "0-1"]
[WhiteElo "2607"]
[BlackElo "2851"]
[TimeControl "180+1"]
[EndTime "10:30:18 PDT"]
[Termination "AnishOnYoutube won by resignation"]

1. e4 c5 2. Nf3 d6 3. d4 cxd4 4. Nxd4 Nf6 5. Nc3 a6 6. Bg5 Nbd7 7. Qe2 h6 8. Bh4 g6 9. f4 e5 10. fxe5 dxe5 11. O-O-O Be7 12. Nf3 Qc7 13. Qc4 Qb8 14. Nd5 Nxd5 15. exd5 Bxh4 16. Qxh4 Qd6 17. Nd2 b5 18. Ne4 Qe7 19. Qf2 Bb7 20. d6 Qe6 21. Nc5 Nxc5 22. Qxc5 O-O 23. d7 Rfd8 24. Qc7 Bc6 25.
Rd6 Rxd7 26. Rxe6 Rxc7 27. Rxe5 Rac8 28. Rg1 Bd5 29. Rxd5 Rxc2+ 30. Kd1 Rxb2 31. Rd2 Rb1+ 32. Ke2 Rcc1 33. Kf2 Ra1 34. Rh1 b4 35. Rb2 a5 36.
g3 Kg7 37. Rd2 a4 38. Rb2 b3 39. axb3 a3 40. Rd2 a2 41. Kg2 Rcb1 42. Rf2 Rxb3 43.
Rd2 Ra3 44. Rf2 Rc1 45. Bc4 Rxc4 46. Ra1 Rca4 47. Rb2 g5 48. Kf2 Kg6 49. Ke2 f6 50.
Kf2 h5 51. Kg2 Ra5 52. Kf2 R3a4 53. Kg2 Ra6 54. Rf2 Ra3 55. Re2 R6a4 56. Rf2 f5 57.
Re2 f4 58. gxf4 gxf4 59. Rf2 Kg5 60. Rc2 Kg4 61. h3+ Kh4 62. Rf2 Rg3+ 63. Kf1 Rxh3 64. Raxa2 Rxa2 65. Rxa2 f3 66. Rf2 Kg3 67. Ke1 Rh1+ 68.
Rf1 Rxf1+ 69. Kxf1 f2 70. Ke2 Kg2 0-1

[Event "*** SCC Grand Prix: Titled Tuesday Blitz"]
[Site "Chess.com"]
[Date "2020.07.14"]
[Round "3"]
[White "Legendinunknown"]
[Black "KaterynaLagno"]
[Result "1-0"]
[WhiteElo "2573"]
[BlackElo "2758"]
[TimeControl "180+1"]
[EndTime "10:30:19 PDT"]
[Termination "Legendinunknown won on time"]

1. d4 Nf6 2. c4 g6 3. Nc3 d5 4. cxd5 Nxd5 5. e4 Nxc3 6. bxc3 Bg7 7. Bc4 c5 8. Ne2 Nc6 9. Be3 O-O 10. h4 cxd4 11.
cxd4 Qa5+ 12. Kf1 b6 13. h5 Ba6 14. Bxa6 Qxa6 15. Kg1 Rad8 16. hxg6 hxg6 17. f3 Nxd4 18.
Nxd4 e5 19. Qe2 Qa3 20. Nb3 Rd7 21. Rh3 Rfd8 22. Kf2 Qb4 23. Rah1 a5 24. Qe1 Qa3 25. Qe2 a4 26. Nc1 b5 27. Qxb5 Qc3 28. Re1 a3 29.
Rhh1 Qc2+ 30. Re2 Qc3 31. Qb3 Qa5 32. Rhe1 Bf8 33. Rc2 Bb4 34. Rh1 Bd2 35. Ne2 Bxe3+ 36. Qxe3 Rd3 37. Qh6 Qb6+ 38. Kg3 Qf6 39. Qh7+ Kf8 40.
Qh8+ Ke7 41. Qxf6+ Kxf6 42. Kf2 Rd2 43. Rhc1 Kg5 44.
Ke3 R2d3+ 45. Kf2 Rd2 46. g3 f5 47. Ke1 R2d3 48. Rc3 fxe4 49. fxe4 Kg4 50. Rxd3 Rxd3 51. Rc5 Kf3 52. Nc1 Re3+ 53. Kd2 Rxe4 54. Rc3+ Kf2 55. Rxa3 Rd4+ 56. Rd3 Ra4 57. a3 e4 58. Rb3 Rd4+ 59.
Kc2 e3 60. Rd3 Rc4+ 61. Rc3 Rd4 62. Kb3 e2 63. Nxe2 Kxe2 64. a4 Rd1 65. a5 Ra1 66. Kb4 g5 67. Ra3 Rb1+ 68. Kc5 Rb8 69. a6 g4 70. a7 Ra8 71. Kb6 Kf2 72. Kb7 Rf8 73.
a8=Q 1-0

[Event "*** SCC Grand Prix: Titled Tuesday Blitz"]
[Site "Chess.com"]
[Date "2020.07.14"]
[Round "3"]
[White "Barmen_EV"]
[Black "aloe_normansen"]
[Result "1/2-1/2"]
[WhiteElo "2425"]
[BlackElo "2207"]
[TimeControl "180+1"]
[EndTime "10:30:23 PDT"]
[Termination "Game drawn - timeout vs insufficient material"]

1. d4 Nf6 2. c4 g6 3. Nc3 Bg7 4.
e4 d6 5. f4 c5 6. d5 e6 7. Nf3 exd5 8. cxd5 Bg4 9. Bb5+ Nbd7 10. e5 dxe5 11. fxe5 Nh5 12. e6 fxe6 13. dxe6 Bxe6 14.
Ng5 Qe7 15. O-O O-O-O 16. Nxe6 Qxe6 17. Bg5 Ndf6 18. Qf3 Rhf8 19. Rae1 Qb6 20. Re7 Nd7 21.
Bxd7+ Rxd7 22. Qxf8+ Bxf8 23. Rxf8+ Rd8 24. Nd5 Qa5 25.
g4 Rxf8 26. gxh5 gxh5 27. Kg2 Rg8 28. h4 h6 29. Re2 hxg5 30. Ne7+ Kd7 31. Nxg8 gxh4 32.
Nf6+ Kd6 33. Ne4+ Kd5 34. Nc3+ Kd4 35. Re4+ Kd3 36. Rxh4 Qd8 37. Rxh5 Qg8+ 38. Kf3 Qf7+ 39. Kg4 Qe6+ 40. Rf5 Kc2 41. Kg5 Kxb2 42. Nd5 Kxa2 43. Rf2+ Kb3 44. Rf3+ Kc4 45. Nf4 Qe5+ 46. Kg4 b5 47.
Rf1 b4 48. Rc1+ Kb5 49. Rf1 Qg7+ 50. Kf3 Qc3+ 51. Ke4 Qd4+ 52. Kf3 b3 53. Rb1 b2 54. Ne2 Qd3+ 55. Kf2 Qxb1 56. Nc3+ Kb4 57. Nxb1 Kb3 58. Ke2 Kc2 59. Na3+ Kc1 60. Kd3 b1=Q+ 61. Nxb1 Kxb1 62.
Kc4 Kb2 63. Kxc5 Kb3 64. Kb5 1/2-1/2

[Event "*** SCC Grand Prix: Titled Tuesday Blitz"]
[Site "Chess.com"]
[Date "2020.07.14"]
[Round "3"]
[White "coalescenet"]
[Black "UCantHandleDenker"]
[Result "0-1"]
[WhiteElo "2341"]
[BlackElo "2537"]
[TimeControl "180+1"]
[EndTime "10:30:24 PDT"]
[Termination "UCantHandleDenker won by resignation"]

1. d4 Nf6 2. c4 g6 3. Nc3 Bg7 4. Nf3 O-O 5. Bg5 d6 6. e3 c5 7. Be2 h6 8. Bh4 Bf5 9. O-O Nbd7 10. Bd3 Bg4 11. h3 Bxf3 12. Qxf3 cxd4 13. exd4 Qb6 14. Ne2 Rab8 15. Rab1 e5 16. Rfd1 Rbe8 17. dxe5 dxe5 18.
Bxf6 Nxf6 19. Nc3 Qb4 20. a3 Qb3 21. Qe2 Nh5 22. Bc2 Qb6 23. Ba4 Nf4 24. Qe1 Rc8 25. Nd5 Nxd5 26. cxd5 Qd6 27. Qa5 a6 28. Bb3 Rc7 29.
Rbc1 Rfc8 30. Rxc7 Rxc7 31. h4 h5 32. Qa4 Bf6 33.
g3 Kg7 34. Qe4 Rc5 35. Ba2 b6 36. b4 Rc3 37. Rd3 Rc1+ 38. Kg2 b5 39. Bb3 Bd8 40. Re3 Bc7 41. Re1 Rc3 42. Re3 Rc1 43. Re1 Rxe1 44.
Qxe1 Qb6 45. a4 bxa4 46. Bxa4 Bd6 47. Qe2 Qxb4 48. Qxa6 Qe4+ 49. Kg1 Qxd5 50. Bc6 Qd1+ 51. Qf1 Qd4 52. Bg2 Bc5 53. Qe2 f5 54. Bf1 Qc3 55.
Kg2 Qd4 56. Qf3 e4 57. Qf4 Bd6 58. Qe3 Qxe3 59. fxe3 Bc5 60. Kf2 Kf6 61. Ke2 g5 62. Kf2 Kg6 63. Be2 Kh6 64. Bd1 Kg6 65. Be2 gxh4 66.
gxh4 f4 67. Bc4 Bxe3+ 68. Ke2 Bc5 69. Bd5 Kf5 70. Bf7 Be7 71. Bxh5 Bxh4 72. Kf1 Ke5 73. Ke2 Kd4 74. Bf7 f3+ 75. Kf1 e3 76.
Bb3 e2+ 77. Kg1 e1=Q+ 78. Kh2 Qg3+ 0-1

[Event "*** SCC Grand Prix: Titled Tuesday Blitz"]
[Site "Chess.com"]
[Date "2020.07.14"]
[Round "3"]
[White "Nafania1"]
[Black "Alexander_Moskalenko"]
[Result "1/2-1/2"]
[WhiteElo "2443"]
[BlackElo "2771"]
[TimeControl "180+1"]
[EndTime "10:30:25 PDT"]
[Termination "Game drawn by repetition"]

1. e4 c6 2. d4 d5 3. exd5 cxd5 4. Bd3 Nc6 5. c3 Qc7 6. h3 g6 7. Nf3 Bf5 8. Be2 Nf6 9. O-O h5 10. Be3 e6 11. Nbd2 Bd6 12. a3 Ne4 13. Nxe4 Bxe4 14.
Bd3 Bxd3 15. Qxd3 Ne7 16. Bg5 O-O-O 17. Rfe1 Kb8 18. Ne5 Bxe5 19. dxe5 Rc8 20. Bf6 Rhe8 21. Rac1 Qc4 22. Qxc4 dxc4 23. Bxe7 Rxe7 24. Rcd1 Rc5 25.
f4 Rb5 26. Re2 a5 27. Rd4 Rc7 28. Kf2 Ka7 29. Kg3 Kb6 30. Kh4 Rbc5 31. Kg5 Kb5 32. g4 hxg4 33. hxg4 Ka4 34. Kf6 Kb3 35. Rd8 Rd5 36.
Rxd5 exd5 37. f5 gxf5 38. gxf5 b5 39. e6 fxe6 40. fxe6 b4 41. axb4 axb4 42. cxb4 d4 43. e7 Rc8 44. b5 d3 45. e8=Q dxe2 46. Qxe2 Rb8 47. Qd2 Ka4 48. Qc3 Rb6+ 49. Ke7 Kxb5 50. b3 cxb3 51. Qxb3+ Kc5 52. Qc3+ Kd5 53. Qd3+ Kc5 54.
Kd7 Rb7+ 55. Kc8 Rb4 56. Qe3+ Kd5 57. Kc7 Re4 58. Qf3 Ke5 59. Kc6 Rc4+ 60. Kb5 Rf4 61.
Qe3+ Re4 62. Qg3+ Kd4 63. Qf2+ Kd5 64. Qd2+ Ke5 65. Kc5 Kf5 66. Kd5 Re5+ 67. Kd4 Re4+ 68. Kd3 Re6 69. Qf2+ Ke5 70. Qf3 Rf6 71. Qg3+ Kf5 72.
Kd4 Re6 73. Qh3+ Kf6 74. Qh6+ Kf5 75. Qh5+ Kf4 76. Qh4+ Kf5 77. Qh3+ Kf6 78. Kd5 Re5+ 79. Kd4 Re6 1/2-1/2

[Event "*** SCC Grand Prix: Titled Tuesday Blitz"]
[Site "Chess.com"]
[Date "2020.07.14"]
[Round "3"]
[White "MihailNik"]
[Black "Ucitelot"]
[Result "0-1"]
[WhiteElo "2667"]
[BlackElo "2508"]
[TimeControl "180+1"]
[EndTime "10:30:28 PDT"]
[Termination "Ucitelot won by checkmate"]

1. c4 c5 2. g3 g6 3. Bg2 Bg7 4.
Nc3 Nf6 5. Nf3 O-O 6. O-O Nc6 7. d3 Rb8 8. Bg5 a6 9. a4 Ne8 10. Qd2 Nc7 11. Bh6 b5 12. axb5 axb5 13. h4 bxc4 14.
dxc4 d6 15. h5 Ne6 16. Nd5 Rxb2 17. Qe3 Bxh6 18. Qxh6 Ncd4 19. Ra8 Qd7 20. Nxd4 cxd4 21. Rfa1 Bb7 22. Rxf8+ Nxf8 23. Ra7 Qe6 24. hxg6 hxg6 25. Nf4 Qc8 26. Bxb7 Rxb7 27. Rxb7 Qxb7 28. Nd5 f6 29. Qh4 Qa7 30. Qe4 Kf7 31. Nf4 Qc5 32. Qd3 e6 33.
Qb3 Qc7 34. Nd3 Nd7 35. Qb5 Nc5 36. Nf4 Qb7 37. Qa5 g5 38. Ng2 d3 39. exd3 Nxd3 40.
Qd2 Ne5 41. Ne1 Qb1 42. Kg2 Qe4+ 43. Kf1 Nxc4 44. Qa2 d5 45. Qa7+ Kg6 46. Qa2 Qh1+ 47. Ke2 Qe4+ 48. Kf1 Qd4 49. Qa8 Nd2+ 50. Ke2 Nc4 51.
Qg8+ Kf5 52. Qh7+ Kg4 53. Kf1 Ne5 54. Qh1 Qe4 55. f3+ Nxf3 56. Ng2 Nd2+ 57. Kf2 Qf3+ 58. Ke1 Ne4 59. Qg1 Qxg3+ 60. Ke2 Qf3+ 61. Ke1 Qg3+ 62.
Ke2 Kh5 63. Qh1+ Kg6 64. Qg1 Qg4+ 65. Ke3 e5 66. Qf1 Qg3+ 67. Ke2 Nc3+ 68. Kd2 Ne4+ 69. Ke2 Qc3 70. Ne3 Qb2+ 71. Kf3 Nd2+ 72. Kg4 Nxf1 73. Nf5 Qg2+ 74. Ng3 Qxg3# 0-1

[Event "*** SCC Grand Prix: Titled Tuesday Blitz"]
[Site "Chess.com"]
[Date "2020.07.14"]
[Round "3"]
[White "yuliagok"]
[Black "Bossche-CM"]
[Result "0-1"]
[WhiteElo "2112"]
[BlackElo "2456"]
[TimeControl "180+1"]
[EndTime "10:30:28 PDT"]
[Termination "Bossche-CM won by checkmate"]

1. d4 d5 2. c4 e6 3. Nc3 c5 4.
cxd5 exd5 5. g3 Nf6 6. Bg2 Nc6 7. Nf3 cxd4 8. Nxd4 Bc5 9. Nxc6 bxc6 10. O-O O-O 11. Na4 Bd6 12. e3 Qa5 13. b3 Ba6 14. Bd2 Qc7 15. Re1 Ne4 16. Nc3 Nxd2 17. Qxd2 Rfe8 18. Rac1 Qa5 19. Bf1 Bb7 20. Red1 Rac8 21. Bg2 Ba3 22.
Rc2 Bb4 23. Qc1 Rcd8 24. Na4 Bd6 25. a3 Be5 26. Qd2 Qxd2 27. Rcxd2 Bd6 28. b4 Ba6 29. Bf1 Bxf1 30. Kxf1 a5 31. Nc5 Rb8 32. Rd4 h5 33.
h4 g6 34. Ke2 Kg7 35. Kf3 Re7 36. Rc1 Be5 37. Rd2 axb4 38. axb4 Rxb4 39. Nd3 Rb6 40. Nxe5 Rxe5 41. Rdc2 Rf5+ 42. Ke2 Rf6 43. f4 Re6 44. Kd3 Rb3+ 45. Rc3 Rxc3+ 46. Rxc3 Kf6 47. Kd4 Kf5 48. Ra3 Kg4 49. Ra7 f5 50. Rg7 Kxg3 51. e4 dxe4 52. Ke3 Kxh4 53. Ra7 Kg4 54. Ra1 h4 55. Rg1+ Kh5 56.
Rxg6 Rxg6 57. Kf2 h3 58. Ke3 h2 59. Kd4 h1=Q 60. Ke5 Qa1+ 61. Kxf5 Qf6+ 62. Kxe4 c5 63.
Kd5 c4 64. Kxc4 Qxf4+ 65. Kd5 Rg5+ 66. Ke6 Qe5+ 67. Kd7 Rg7+ 68. Kc6 Rc7+ 69. Kb6 Qc5+ 70. Ka6 Ra7# 0-1